 Dungeon Crawl Stone Soup version 0.28-a0-536-g4f1c8046e5 (webtiles) character file.

Game seed: 13985030033282349211

36 Crimsonway the Grave Robber (level 3, -2/24 HPs)
             Began as a Vampire Necromancer on Sept 27, 2021.
             Was a Follower of Cheibriados.
             Slain by Terence (10 damage)
             ... on level 2 of the Dungeon.
             The game lasted 00:10:16 (1299 turns).

Crimsonway the Grave Robber (Vampire Necromancer)   Turns: 1299, Time: 00:10:16

Health: -2/24      AC:  2    Str:  9    XL:     3   Next: 19%
Magic:  2/6        EV: 13    Int: 20    God:    Cheibriados [*.....]
Gold:   14         SH:  0    Dex: 22    Spells: 6/7 levels left

rFire   . . .      SeeInvis +   p - +0 falchion
rCold   . . .      Faith    .   (no shield)
rNeg    . . .      Spirit   .   a - +0 robe
rPois   .          Reflect  .   (no helmet)
rElec   .          Harm     .   (no cloak)
rCorr   .          Rampage  .   (no gloves)
Will    .....                   (no boots)
Stlth   +++.......              (no amulet)
HPRegen 0.28/turn               c - ring of see invisible
MPRegen 0.10/turn               i - +6 ring of dexterity

@: healing quickly, very slow
A: alive, fangs 3, see invisible, vampiric 2
a: Exsanguinate, Renounce Religion, Bend Time


You were on level 2 of the Dungeon.
You worshipped Cheibriados.
Cheibriados was aware of your devotion.
You visited 1 branch of the dungeon, and saw 2 of its levels.

You collected 14 gold pieces.

Inventory:

Hand Weapons
 b - a +0 hand axe
 d - a +0 short sword
 g - a +0 whip
 p - a +0 falchion (weapon)
Missiles
 h - 47 stones
 j - 48 sling bullets
Armour
 a - a +0 robe (worn)
 e - a +0 leather armour
 m - a +0 ring mail
Jewellery
 c - a ring of see invisible (left hand)
 i - a +6 ring of dexterity (right hand)
Scrolls
 f - a scroll of teleportation {unknown}
 k - a scroll of noise {unknown}
 n - 2 scrolls of amnesia {unknown}
 o - a scroll of immolation {unknown}
Potions
 l - a potion of cancellation {unknown}
 q - a potion of magic {unknown}


   Skills:
 + Level 0.2 Short Blades
 + Level 2.2 Dodging
 + Level 3.3 Stealth
 + Level 2.5 Spellcasting
 + Level 5.0 Necromancy


You had 6 spell levels left.
You knew the following spells:

 Your Spells              Type           Power      Damage    Failure   Level
a - Pain                  Necr           88%        1d8       1%          1

Your spell library contained the following spells:

 Spells                   Type           Power      Damage    Failure   Level
 Animate Skeleton         Necr           44%        N/A       1%          1
 Sublimation of Blood     Necr           11%        N/A       2%          2
 Vampiric Draining        Necr           11%        2d7       5%          3
 Animate Dead             Necr           11%        N/A       19%         4
 Agony                    Necr           22%        N/A       45%         5
 Petrify                  Tmut/Erth      2%         N/A       83%         4
 Irradiate                Conj/Tmut      1%         3d14      99%         5


Dungeon Overview and Level Annotations

Branches:
Dungeon (2/15)

Altars:
Cheibriados

Shops:
D:2 (

Annotations:
D:2 Natasha, Terence


Innate Abilities, Weirdness & Mutations

Your natural rate of healing is accelerated.
You have razor-sharp teeth.
You have supernaturally acute eyesight. (SInv)
You are afflicted with vampirism and can become a bat while bloodless.


Message History

Aim: Terence, wielding a +0 flail and wearing a +0 chain mail (lightly wounded, chance to affect: 87%) Terence writhes in agony.
Terence barely misses you.
The orc wizard mumbles some strange words.
The orc wizard flickers and vanishes for a moment.
Aiming: Pain (safe; 1% risk of failure)
Press: ? - help, Q - select action, (/) - cycle Shift-Dir - straight line, f/p - Terence
Aim: Terence, wielding a +0 flail and wearing a +0 chain mail (heavily wounded, chance to affect: 87%)
Okay, then.
You fail to use your ability.
Terence closely misses you.
The orc wizard hits you with a +0 dagger.
Aiming: Pain (safe; 1% risk of failure)
Press: ? - help, Q - select action, (/) - cycle Shift-Dir - straight line, f/p - Terence
Aim: Terence, wielding a +0 flail and wearing a +0 chain mail (heavily wounded, chance to affect: 87%) Terence writhes in agony.
Terence barely misses you.
The orc wizard hits you with a +0 dagger.
Aiming: Pain (safe; 1% risk of failure)
Press: ? - help, Q - select action, (/) - cycle Shift-Dir - straight line, f/p - Terence
Aim: Terence, wielding a +0 flail and wearing a +0 chain mail (severely wounded, chance to affect: 87%) Terence writhes in agony.
Terence hits you with a +0 flail!
The orc wizard gestures wildly while chanting.
The orc wizard flickers and vanishes for a moment.
The orc wizard barely misses you.
Aiming: Pain (safe; 1% risk of failure)
Press: ? - help, Q - select action, (/) - cycle Shift-Dir - straight line, f/p - Terence
Aim: Terence, wielding a +0 flail and wearing a +0 chain mail (severely wounded, chance to affect: 87%) Terence writhes in agony.
Terence barely misses you.
The orc wizard hits you with a +0 dagger.
* * * LOW HITPOINT WARNING * * *
You hit Terence.
Terence is almost dead.
Terence barely misses you. The orc wizard barely misses you.
Terence barely misses you.
You closely miss Terence.
Terence is almost dead.
The orc wizard barely misses you. Terence hits you with a +0 flail!
You die... ........ ...... #...... ..... ...... .... .... ... # ooo

.. #.##J# ##.#
#..o@###..## #..@.##.#.#
# #..#..#.#.# ..
#.###.....# ###.#. ##.#
###...###...... #..#
##>...#......K
#####.#####...#........b
#..............†.)......
#........†..#..#........
#....†......#.##........


You could see Terence, 2 orc wizards, 2 orcs and an endoplasm.

Vanquished Creatures
  A dart slug (D:1)
  3 bats
  6 endoplasms
  2 giant cockroaches (D:1)
  5 goblins
  5 ball pythons
  2 frilled lizards
  5 kobolds
  3 rats (D:1)
32 creatures vanquished.

Notes
Turn   | Place    | Note
-------+----------+-------------------------------------------
     0 | D:1      | Crimsonway the Vampire Necromancer began the quest for the
                  | Orb.
     0 | D:1      | Reached XP level 1. HP: 13/13 MP: 3/3
   282 | D:1      | Reached XP level 2. HP: 18/19 MP: 0/5
   774 | D:1      | Reached skill level 5 in Necromancy
  1059 | D:2      | Gained mutation: You are afflicted with vampirism and can
                  | become a bat while bloodless. [Vampire growth]
  1059 | D:2      | Reached XP level 3. HP: 23/24 MP: 3/6
  1100 | D:2      | Found Coinot's Antique Weapon Boutique.
  1189 | D:2      | Found a faded altar of an unknown god.
  1195 | D:2      | Became a worshipper of Cheibriados the Contemplative
  1195 | D:2      | Reached * piety under Cheibriados
  1269 | D:2      | Noticed Natasha
  1285 | D:2      | Noticed Terence
  1299 | D:2      | Slain by Terence

Illustrated notes

Levels and vault maps discovered:
D:1:      eino_arrival_cavern_e, layout_basic
D:2:      layout_rooms, serial_shops, shop,
          dreamdust_ecumenical_altar_angels_and_demons, uniq_terence,
          uniq_natasha

Skill      XL: |  1  2 |
---------------+-------+-----
Necromancy     | 5 |  5.0
Short Blades   | |  0.2
Dodging        | |  2.2
Stealth        | |  3.3
Spellcasting   | |  2.5

Action                   || total
-------------------------++-------
Melee: Hand axe          ||     6
       Short sword       ||    15
       Bite              ||     3
       Falchion          ||     8
 Cast: Pain              ||    43
Armor: Robe              ||     3
Dodge: Dodged            ||    30

Table legend: (Time is in decaauts)
 A = Elapsed time spent in this place.
 B = Non-inter-level travel time spent in this place.
 C = Inter-level travel time spent in this place.
 D = Time resting spent in this place.
 E = Time spent auto-exploring this place.
 F = Levels seen in this place.
 G = Mean time per level.
                   A        B        C        D        E       F      G
               +--------+--------+--------+--------+--------+-----+--------+
         Total |   1332 |   1061 |    271 |      0 |      0 |   2 |  666.0 |
       Dungeon |   1332 |   1061 |    271 |      0 |      0 |   2 |  666.0 |
               +--------+--------+--------+--------+--------+-----+--------+

Top non-repeatable levels by time:
     D:1: 1051 daAuts
     D:2: 280 daAuts
